[Event "Early-Titled-Tuesday-Blitz-May-14-2024"]
[Site "Chess.com"]
[Date "2024.05.14"]
[Round "10"]
[White "Kotofeyca"]
[Black "ViktoriyaTarasova"]
[Result "1-0"]
[WhiteElo "2508"]
[BlackElo "2331"]
[TimeControl "180+1"]
[EndTime "9:57:14 PDT"]
[Termination "Kotofeyca won on time"]

1. d4 Nf6 2. c4 e6 3. Nf3 b6 4. g3 Ba6 5. Qa4 c5 6. Bg2 Bb7 7. dxc5 bxc5 8. Nc3 Be7 9. O-O O-O 10. Rd1 d6 11. Bf4 a6 12. Rd2 Qc7 13. Rad1 e5 14. Bg5 Nbd7 15. Nh4 Bxg2 16. Kxg2 g6 17. Nf3 Kg7 18.
Bxf6+ Nxf6 19. Nd5 Nxd5 20. Rxd5 e4 21. Nd2 f5 22. f4 exf3+ 23. exf3 Bf6 24. Nf1 Bxb2 25.
Rxd6 Rf7 26. Rd7 Qe5 27. Rxf7+ Kxf7 28. Rd7+ Kg8 29. Qc6 Re8 30. Nd2 Qe2+ 31. Kh3 Bd4 32. Qd5+ Kh8 33. Qf7 1-0

[Event "Early-Titled-Tuesday-Blitz-May-14-2024"]
[Site "Chess.com"]
[Date "2024.05.14"]
[Round "10"]
[White "Mikhail_Golubev"]
[Black "Aemulus20"]
[Result "1-0"]
[WhiteElo "2562"]
[BlackElo "2643"]
[TimeControl "180+1"]
[EndTime "9:57:15 PDT"]
[Termination "Mikhail_Golubev won by checkmate"]

1. e4 c5 2. Nf3 d6 3. d4 cxd4 4. Nxd4 Nf6 5. Nc3 a6 6. Bc4 e6 7. Bb3 b5 8. O-O Be7 9. Qf3 Qb6 10. Be3 Qb7 11. Qg3 Nbd7 12. Rad1 Nc5 13. e5 dxe5 14.
Nf5 exf5 15. Qxg7 Rf8 16. Bxc5 Be6 17. Bxe7 Kxe7 18. Bxe6 Kxe6 19. Qh6 Rg8 20. Rd6+ Kxd6 21. Qxf6+ Kc7 22. Qxe5+ Kb6 23. Qd4+ Kc7 24. Nd5+ Kc8 25. Re1 Rb8 26. Qc5+ Qc7 27. Qxc7# 1-0

[Event "Early-Titled-Tuesday-Blitz-May-14-2024"]
[Site "Chess.com"]
[Date "2024.05.14"]
[Round "10"]
[White "Incognizance"]
[Black "dianamirza"]
[Result "0-1"]
[WhiteElo "1967"]
[BlackElo "1951"]
[TimeControl "180+1"]
[EndTime "9:57:15 PDT"]
[Termination "dianamirza won by resignation"]

1. d4 Nf6 2. c4 c5 3. d5 b5 4.
Nd2 bxc4 5. Nxc4 g6 6. b3 Bg7 7. Bb2 O-O 8. Nf3 Bb7 9. Bxf6 Bxf6 10. Rc1 Bg7 11. e4 a5 12. Be2 d6 13. O-O Nd7 14.
Qc2 Ne5 15. Nfxe5 Bxe5 16. Nxe5 dxe5 17. Qxc5 a4 18. b4 Rc8 19. Qe3 Qd6 20. a3 f5 21.
f3 f4 22. Qf2 Ba6 23. Bxa6 Qxa6 24. Rc5 Qd3 25. Qa2 Qe3+ 26. Kh1 Rxc5 27. bxc5 Qxc5 28. d6+ Kg7 29. dxe7 Qxe7 30. Qb2 Rd8 31. Qb4 Qxb4 32. axb4 a3 33. h3 Kf6 34. Ra1 Rd3 35. b5 Ke6 36. b6 Kd7 37. Rc1 Rb3 38. Rc7+ Kd6 39. Ra7 Kc6 40. b7 Kc7 41. Ra4 Kxb7 42. Kh2 Kb6 43. h4 Kb5 44. Kh3 Kxa4 0-1

[Event "Early-Titled-Tuesday-Blitz-May-14-2024"]
[Site "Chess.com"]
[Date "2024.05.14"]
[Round "10"]
[White "dinushkipremanath"]
[Black "MariaFominykh"]
[Result "1-0"]
[WhiteElo "2177"]
[BlackElo "2319"]
[TimeControl "180+1"]
[EndTime "9:57:20 PDT"]
[Termination "dinushkipremanath won on time"]

1. d4 Nf6 2. Nf3 g6 3. Bf4 Bg7 4. Nbd2 d6 5. e4 Nbd7 6. Bc4 O-O 7. h3 e5 8. dxe5 dxe5 9. Bg5 h6 10. Bh4 c6 11.
Qe2 b5 12. Bd3 Qc7 13. O-O Nh5 14. c4 Nf4 15. Qe3 b4 16. Rfd1 Nb6 17. Bf1 Be6 18. Rac1 a5 19. Nb3 Na4 20. Rc2 f6 21. Nc5 Nxc5 22. Qxc5 Rfd8 23. Rcd2 Bf8 24. Qe3 Be7 25. Bg3 g5 26. Bxf4 gxf4 27. Qe1 Rxd2 28. Rxd2 Rd8 29. Qd1 Rxd2 30. Qxd2 Qd8 31. b3 Qxd2 32. Nxd2 Bc5 33.
Be2 Kf8 34. Bg4 Ke7 35. Bxe6 Kxe6 36. Kf1 f5 37. Ke2 Bd4 38. f3 Bc3 39. exf5+ Kxf5 40. Ne4 Bd4 41. Nd6+ Ke6 42. Ne4 Kf5 43. Kd3 Ke6 44.
c5 Be3 45. Kc4 h5 46. Nd6 h4 47. Nb7 e4 48. fxe4 Ke5 49. Kd3 Bd4 50. Nxa5 Bxc5 51.
Nxc6+ Kd6 52. Nd8 Ke5 53. Nf7+ Kf6 54. Nh6 Ke5 55. Nf5 f3 56. gxf3 Kf4 57. Nxh4 1-0

[Event "Early-Titled-Tuesday-Blitz-May-14-2024"]
[Site "Chess.com"]
[Date "2024.05.14"]
[Round "10"]
[White "ploxoi"]
[Black "jaskol95"]
[Result "0-1"]
[WhiteElo "2339"]
[BlackElo "2504"]
[TimeControl "180+1"]
[EndTime "9:57:22 PDT"]
[Termination "jaskol95 won by resignation"]

1. Nf3 d5 2. g3 Nd7 3. Bg2 Ngf6 4. d4 Nb6 5. O-O Bf5 6. b3 e6 7. Nbd2 c6 8. Nh4 Bg6 9. Bb2 Be7 10. Re1 Bh5 11.
Rc1 Ne4 12. Nhf3 f5 13. Ne5 O-O 14. f3 Nf6 15. c4 Nbd7 16. Qc2 Nxe5 17. dxe5 Nd7 18.
e4 fxe4 19. fxe4 Qb6+ 20. Kh1 d4 21. c5 Bxc5 22. Nc4 Qc7 23. a3 a5 24. Qd2 Rad8 25. Bh3 Nxe5 26. Qg5 Bf3+ 27. Kg1 Nd3 28. Bxe6+ Kh8 29.
Rf1 Nxc1 30. Qxc5 Nd3 31. Qxd4 Rxd4 32. Bxd4 Qe7 33. Bf5 Bxe4 34. Bc5 0-1

[Event "Early-Titled-Tuesday-Blitz-May-14-2024"]
[Site "Chess.com"]
[Date "2024.05.14"]
[Round "10"]
[White "Tolyanius"]
[Black "Fh2411"]
[Result "1-0"]
[WhiteElo "2675"]
[BlackElo "2554"]
[TimeControl "180+1"]
[EndTime "9:57:23 PDT"]
[Termination "Tolyanius won by resignation"]

1. e4 c6 2. c4 e5 3. Nc3 d6 4.
g3 Nd7 5. Bg2 Ngf6 6. Nge2 Be7 7. O-O O-O 8. h3 a6 9. d3 b5 10. f4 Bb7 11. a3 Re8 12. g4 Nb6 13. cxb5 cxb5 14. Ng3 Bf8 15. d4 exd4 16. Qxd4 Rc8 17. Kh1 Rc4 18. Qd3 d5 19. e5 Nxg4 20. Nf5 Nh6 21. Nxh6+ gxh6 22. b3 Rc6 23. Be3 Rg6 24.
Bd4 f5 25. Qxf5 Bc8 26. Qh5 Nd7 27. Nxd5 Bc5 28. Bxc5 Nxc5 29. Nf6+ Kh8 30. Nxe8 Qxe8 31. f5 Qxe5 32. Rae1 Rxg2 33. Rxe5 1-0

[Event "Early-Titled-Tuesday-Blitz-May-14-2024"]
[Site "Chess.com"]
[Date "2024.05.14"]
[Round "10"]
[White "Flaccidmoves"]
[Black "Felix-Rose"]
[Result "1-0"]
[WhiteElo "2437"]
[BlackElo "2265"]
[TimeControl "180+1"]
[EndTime "9:57:23 PDT"]
[Termination "Flaccidmoves won by resignation"]

1. e4 e5 2. Nf3 Nc6 3. Bc4 Nf6 4. d3 Bc5 5. O-O d6 6. c3 a5 7. d4 Ba7 8. dxe5 Nxe5 9. Nxe5 dxe5 10. Qxd8+ Kxd8 11. Bxf7 Rf8 12. Bb3 Nxe4 13. Be3 Bxe3 14. fxe3 Rxf1+ 15.
Kxf1 a4 16. Bc2 Bf5 17. Ke1 Bg6 18. Nd2 Nxd2 19. Bxg6 Nc4 20. Bxh7 Nxb2 21. a3 Nc4 22. Ke2 Ke7 23. Bd3 Nd6 24. Rb1 e4 25. Bc2 b5 26. Rf1 Rf8 27. Rxf8 Kxf8 28. h4 Kf7 29.
g4 Kf6 30. Bb1 Nc4 31. Bxe4 Nxa3 32. Bc6 Nb1 33. Kd3 a3 34. Bd5 Ke5 35. Ba2 Nxc3 36. Kxc3 c5 37. h5 Kf6 38. e4 Kg5 39. e5 c4 40. Bb1 g6 41. hxg6 Kh6 42. e6 a2 43.
Bxa2 Kxg6 44. Bb1+ Kf6 45. Bf5 Ke7 46. Kb4 1-0

[Event "Early-Titled-Tuesday-Blitz-May-14-2024"]
[Site "Chess.com"]
[Date "2024.05.14"]
[Round "10"]
[White "Eagle_2019"]
[Black "AryanTari"]
[Result "0-1"]
[WhiteElo "2864"]
[BlackElo "3051"]
[TimeControl "180+1"]
[EndTime "9:57:24 PDT"]
[Termination "AryanTari won by resignation"]

1. d4 d5 2. c4 e6 3. Nf3 Nf6 4.
e3 b6 5. b3 Bb7 6. Bb2 Nbd7 7.
Nc3 Be7 8. Bd3 O-O 9. O-O c5 10. cxd5 exd5 11. Ne2 Re8 12. Ng3 Bf8 13. Qe2 a6 14.
Rac1 Ne4 15. Ne5 Bd6 16. Nxf7 Kxf7 17. Nxe4 dxe4 18. Bc4+ Kf8 19. dxc5 Be5 20. c6 Bxc6 21. Qh5 Qf6 22. Ba3+ Nc5 23. Qxh7 Ke7 24. f4 exf3 25. Qc2 Rh8 26. g3 Rh3 27. b4 Bxg3 28. bxc5 Bxh2+ 29. Qxh2 Qg5+ 0-1

[Event "Early-Titled-Tuesday-Blitz-May-14-2024"]
[Site "Chess.com"]
[Date "2024.05.14"]
[Round "10"]
[White "Dedic8"]
[Black "MrLion3000"]
[Result "1-0"]
[WhiteElo "2905"]
[BlackElo "2797"]
[TimeControl "180+1"]
[EndTime "9:57:25 PDT"]
[Termination "Dedic8 won on time"]

1. d4 Nf6 2. c4 e6 3. Nc3 Bb4 4. e3 O-O 5. Bd3 d5 6. a3 dxc4 7. Bxc4 Bd6 8. Nf3 Nc6 9. Bb5 e5 10. Bxc6 exd4 11. Qxd4 bxc6 12. O-O c5 13. Qh4 Bb7 14.
e4 Be7 15. Rd1 Qe8 16. Bg5 h6 17. Re1 Qc6 18. Nd5 Rfe8 19. Bxf6 Bxf6 20. Nxf6+ gxf6 21. Qxh6 Rxe4 22. Rxe4 Qxe4 23. Qxf6 Re8 24. h3 c4 25.
Re1 Qc6 26. Qxc6 Rxe1+ 27. Nxe1 Bxc6 28. f3 f5 29. Kf2 f4 30. Nc2 Kf7 31. Nd4 Bd7 32.
Ne2 1-0

[Event "Early-Titled-Tuesday-Blitz-May-14-2024"]
[Site "Chess.com"]
[Date "2024.05.14"]
[Round "10"]
[White "RandomNoob04"]
[Black "Djager97"]
[Result "1-0"]
[WhiteElo "2718"]
[BlackElo "2536"]
[TimeControl "180+1"]
[EndTime "9:57:26 PDT"]
[Termination "RandomNoob04 won on time"]

1. e4 e5 2. d4 exd4 3. Qxd4 Nc6 4. Qe3 g6 5. Nc3 Bg7 6. h4 h6 7. Be2 Nge7 8. Bd2 O-O 9. O-O-O d5 10. exd5 Nxd5 11.
Nxd5 Qxd5 12. Kb1 Be6 13. b3 Nd4 14. Bc3 c5 15. Nf3 a5 16. Nxd4 cxd4 17. Bxd4 Qc6 18.
Bxg7 Kxg7 19. h5 g5 20. f4 a4 21. fxg5 axb3 22. axb3 Rfc8 23. gxh6+ Kf8 24. Rd2 Bf5 25. Bc4 Qf6 26. Qd4 Qxh6 27. Rf1 Ra5 28. Qd6+ Qxd6 29. Rxd6 Rca8 30. Rf2 Ra1+ 31. Kb2 R1a2+ 32. Kc3 R8a5 33. Rf6 1-0

[Event "Early-Titled-Tuesday-Blitz-May-14-2024"]
[Site "Chess.com"]
[Date "2024.05.14"]
[Round "10"]
[White "talaicito"]
[Black "nitpicker"]
[Result "0-1"]
[WhiteElo "2358"]
[BlackElo "2284"]
[TimeControl "180+1"]
[EndTime "9:57:26 PDT"]
[Termination "nitpicker won on time"]

1. d4 Nf6 2. Nc3 d5 3. Bf4 a6 4. e3 e6 5. Nf3 Bd6 6. Bd3 b5 7. a3 Bb7 8. O-O Nbd7 9. Re1 O-O 10. Bxd6 cxd6 11. e4 dxe4 12. Nxe4 d5 13. Ng3 Qc7 14. Ne5 Nxe5 15. dxe5 Nd7 16. Qh5 g6 17. Qh6 Nxe5 18.
Nh5 f6 19. Nf4 Rae8 20. Re3 Ng4 21. Nxe6 Rxe6 22. Qh3 Rxe3 23. fxe3 f5 24. a4 b4 25.
Re1 Qe5 26. b3 d4 27. e4 Qf4 28.
Qg3 Qxg3 29. hxg3 Re8 30. Kf1 fxe4 31. Bc4+ Kg7 32. Be2 Ne3+ 33. Kg1 Nxc2 34. Rc1 d3 35. Bd1 Ne3 0-1

[Event "Early-Titled-Tuesday-Blitz-May-14-2024"]
[Site "Chess.com"]
[Date "2024.05.14"]
[Round "10"]
[White "Alphafischer2019"]
[Black "zajka-molotok"]
[Result "1-0"]
[WhiteElo "2663"]
[BlackElo "2552"]
[TimeControl "180+1"]
[EndTime "9:57:28 PDT"]
[Termination "Alphafischer2019 won by checkmate"]

1. Nf3 Nf6 2. g3 g6 3. b3 Bg7 4. Bb2 O-O 5. Bg2 d6 6. c4 e5 7. d3 c6 8. O-O Na6 9. a3 Re8 10.
Nbd2 Bg4 11. h3 Bf5 12. b4 Nc7 13. Rc1 a5 14. Qb3 axb4 15. axb4 Qd7 16. Kh2 h5 17. e4 Be6 18. Ng5 Bh6 19. f4 Bxg5 20. fxg5 Nh7 21. h4 Rf8 22. d4 f6 23. Qe3 Qe7 24. c5 dxc5 25. dxe5 fxg5 26. Qxc5 Qxc5 27. bxc5 Ra2 28. Bc3 Rxf1 29. Bxf1 gxh4 30. gxh4 Nf8 31. Kg3 Nb5 32. Bxb5 cxb5 33. Rb1 Rc2 34. Ba5 Bd7 35. Nf3 Ne6 36. Bb6 Bc6 37. Rd1 Bxe4 38. Rd6 Kf7 39. Rd7+ Ke8 40.
Rd6 Ke7 41. Ng5 Rc3+ 42. Kf2 Nxg5 43. Bd8+ Ke8 44. Bxg5 Rxc5 45. e6 Rd5 46. Rb6 Re5 47.
Rd6 Rd5 48. Rb6 b4 49. Rxb4 Re5 50. e7 Bc6 51. Rb2 b5 52. Rc2 Bd7 53. Rc7 b4 54. Rb7 Bb5 55. Rb8+ Kf7 56. Rf8+ Kg7 57. Bf6+ Kh7 58.
Rh8# 1-0

[Event "Early-Titled-Tuesday-Blitz-May-14-2024"]
[Site "Chess.com"]
[Date "2024.05.14"]
[Round "10"]
[White "lluiss"]
[Black "DerKnipser"]
[Result "0-1"]
[WhiteElo "2207"]
[BlackElo "2356"]
[TimeControl "180+1"]
[EndTime "9:57:28 PDT"]
[Termination "DerKnipser won on time"]

1. e4 c5 2. Nf3 d6 3. d4 cxd4 4.
Nxd4 Nf6 5. Nc3 g6 6. Be3 Bg7 7. f3 O-O 8. Qd2 Nc6 9. g4 Nxd4 10. Bxd4 Be6 11. h4 Qa5 12. h5 Rfc8 13. hxg6 hxg6 14. g5 Nh5 15. Bxg7 Kxg7 16. Nb5 Qxd2+ 17. Kxd2 Nf4 18. Nd4 Rh8 19. Bd3 Bd7 20. Ke3 e5 21. Ne2 Ne6 22. Bc4 Nxg5 23. Bd5 Bc6 24. Bxc6 bxc6 25.
Rad1 Rxh1 26. Rxh1 Ne6 27. c3 Kf6 28. Rd1 Ke7 29.
c4 Rb8 30. b3 a5 31. Nc3 Rh8 32.
Rf1 Rh2 33. Rf2 Rxf2 34. Kxf2 f5 35. exf5 gxf5 36. Ke3 Nd4 37. Na4 Nc2+ 38. Kd2 Nb4 39. Nc3 Ke6 40. Ke3 d5 41. Na4 d4+ 42. Kd2 e4 43. Nc5+ Ke5 44. fxe4 fxe4 45. Nb7 e3+ 46. Ke2 Nxa2 47. Nxa5 Ke4 48. Nxc6 d3+ 0-1

[Event "Early-Titled-Tuesday-Blitz-May-14-2024"]
[Site "Chess.com"]
[Date "2024.05.14"]
[Round "10"]
[White "jinbojinbo"]
[Black "dontcatchmeifyoucant"]
[Result "0-1"]
[WhiteElo "2628"]
[BlackElo "2442"]
[TimeControl "180+1"]
[EndTime "9:57:29 PDT"]
[Termination "dontcatchmeifyoucant won on time"]

1. c4 Nf6 2. Nc3 e6 3. e4 d5 4. e5 d4 5. exf6 dxc3 6. bxc3 Qxf6 7. d4 b6 8. Nf3 Bb7 9. Be2 h6 10. O-O Bd6 11. Re1 O-O 12. Be3 Nd7 13. Nd2 Qh4 14. g3 Qh3 15. Bf3 Bxf3 16. Qxf3 Nf6 17. Qg2 Qf5 18.
Rad1 Rac8 19. h3 h5 20. h4 c5 21. Bg5 cxd4 22. Bxf6 gxf6 23. cxd4 Bb4 24. Qf1 Rfd8 25. a3 Ba5 26. Re3 Rxd4 27. Nf3 Rxd1 28. Qxd1 Rxc4 29.
Nd4 Qd5 30. Rd3 Rc8 31. Ne2 Qc4 32. Kh2 Qc2 33. Rd8+ Kg7 34. Rxc8 Qxd1 0-1

[Event "Early-Titled-Tuesday-Blitz-May-14-2024"]
[Site "Chess.com"]
[Date "2024.05.14"]
[Round "10"]
[White "Quattroporte300"]
[Black "Nf3c5"]
[Result "1-0"]
[WhiteElo "2441"]
[BlackElo "2622"]
[TimeControl "180+1"]
[EndTime "9:57:31 PDT"]
[Termination "Quattroporte300 won on time"]

1. e4 c5 2. Nc3 Nc6 3. Bb5 Nd4 4. Bc4 a6 5. a4 e6 6. Nge2 Nf6 7. O-O d5 8. exd5 exd5 9. Ba2 Bg4 10. h3 Bh5 11. g4 Bg6 12. d3 h5 13. g5 Qd7 14.
Nf4 Bd6 15. Kg2 Bf5 16. Re1+ Kf8 17. gxf6 Bxf4 18. Bxf4 Bxh3+ 19. Kh1 Bg4 20. fxg7+ Kxg7 21. Be5+ f6 22. Qd2 Nf3 23. Bxf6+ Kxf6 24. Qf4+ Kg6 25. Bxd5 Rhf8 26. Qe4+ Kg5 27. Be6 Qd6 28. Qxg4+ hxg4 29. Ne4+ Kf4 30. Nxd6 Rh8+ 31. Kg2 Rh2+ 32. Kf1 Rh1+ 33.
Ke2 Rxe1+ 34. Rxe1 Nxe1 35. Kxe1 b5 36. Nb7 1-0

[Event "Early-Titled-Tuesday-Blitz-May-14-2024"]
[Site "Chess.com"]
[Date "2024.05.14"]
[Round "10"]
[White "Eloist"]
[Black "ilimchess2"]
[Result "0-1"]
[WhiteElo "2419"]
[BlackElo "2311"]
[TimeControl "180+1"]
[EndTime "9:57:31 PDT"]
[Termination "ilimchess2 won on time"]

1. e4 c6 2. Nf3 d5 3. d3 g6 4. e5 Bg7 5. d4 Bg4 6. Nbd2 c5 7. Bb5+ Nc6 8. c3 cxd4 9. cxd4 e6 10.
Bxc6+ bxc6 11. O-O Ne7 12. h3 Bxf3 13. Nxf3 Qb6 14.
b3 c5 15. dxc5 Qxc5 16. Be3 Qa5 17. b4 Qxb4 18. Rb1 Qc4 19. Rb7 Nf5 20. Bxa7 O-O 21.
g4 Qa6 22. Qb3 Nh4 23. Nxh4 Rxa7 24. Rxa7 Qxa7 25. Nf3 Rb8 26. Qc2 Qa3 27. Kg2 h6 28. Rb1 Ra8 29. Rb2 Kh7 30. Qb3 Qc5 31. Rc2 Qa5 32.
Qb7 Ra7 33. Qb8 Ra8 34. Qc7 Qa4 35. Rb2 Ra7 36. Qd8 Ra8 37. Qc7 Ra7 38. Rb7 Rxb7 39. Qxb7 Kg8 40. Qc8+ Bf8 0-1

[Event "Early-Titled-Tuesday-Blitz-May-14-2024"]
[Site "Chess.com"]
[Date "2024.05.14"]
[Round "10"]
[White "KatakuriDono"]
[Black "DACF2905"]
[Result "0-1"]
[WhiteElo "2308"]
[BlackElo "2421"]
[TimeControl "180+1"]
[EndTime "9:57:31 PDT"]
[Termination "DACF2905 won by resignation"]

1. d4 Nf6 2. Nf3 d5 3. g3 Bg4 4. Bg2 c6 5. O-O g6 6. Ne5 Be6 7. Nd2 Nbd7 8. Ndf3 Bg7 9. c3 O-O 10. a4 Ne4 11. a5 a6 12. Qb3 Qc8 13. Nxd7 Bxd7 14. Ng5 Nd6 15. Bf4 Nc4 16. e4 e6 17.
exd5 exd5 18. Rfe1 Re8 19. Nf3 Rxe1+ 20. Rxe1 Nxa5 21.
Qb4 Nc4 22. b3 a5 23. Qe7 Nb2 24. Bf1 a4 25. Ne5 Be6 26. Qa3 f6 27. Nf3 Bg4 28. Nd2 Nd1 29. f3 Nxc3 30. fxg4 g5 31. Bd6 Nb5 32. Qc5 b6 33. Qb4 Nxd6 34. Qxd6 Qxg4 35. Re7 Bf8 36. Qe6+ Qxe6 37. Rxe6 a3 38. b4 a2 39. Nb3 a1=Q 40. Nxa1 Rxa1 41. Rxc6 Bxb4 42.
Rxb6 Bc3 43. Rxf6 Bxd4+ 0-1

[Event "Early-Titled-Tuesday-Blitz-May-14-2024"]
[Site "Chess.com"]
[Date "2024.05.14"]
[Round "10"]
[White "FormerProdigy"]
[Black "Kirill_Klukin"]
[Result "1-0"]
[WhiteElo "3002"]
[BlackElo "2835"]
[TimeControl "180+1"]
[EndTime "9:57:33 PDT"]
[Termination "FormerProdigy won by resignation"]

1. e4 e6 2. d4 d5 3. Nd2 c5 4.
Ngf3 cxd4 5. Nxd4 Nc6 6. Bb5 Bd7 7. Nxc6 bxc6 8. Bd3 Bd6 9. Qe2 Qc7 10. Nf3 Ne7 11. e5 Bc5 12. O-O a5 13. h4 h6 14. c4 Rb8 15.
Rb1 Nf5 16. Bxf5 exf5 17. Be3 Be7 18. cxd5 cxd5 19. Rfc1 Qb7 20. Bc5 Qb5 21. Qe3 Bxc5 22. Rxc5 Qb4 23. Rxd5 Be6 24. a3 Qa4 25. Rd4 Qc2 26.
Rdd1 O-O 27. Nd4 Qc4 28. b3 Qd5 29. Nxf5 Qb7 30. Nd6 Qc6 31. b4 axb4 32. axb4 Ra8 33. b5 Qc2 34. Rdc1 Qa2 35. b6 Rab8 36. b7 Bd5 37. Qd4 Rfd8 38. Ra1 Qb3 39. Rcb1 1-0

[Event "Early-Titled-Tuesday-Blitz-May-14-2024"]
[Site "Chess.com"]
[Date "2024.05.14"]
[Round "10"]
[White "Mops_2004"]
[Black "tandaleo"]
[Result "1-0"]
[WhiteElo "2819"]
[BlackElo "2606"]
[TimeControl "180+1"]
[EndTime "9:57:34 PDT"]
[Termination "Mops_2004 won by resignation"]

1. e4 e5 2. Nf3 Nc6 3. Bb5 a6 4.
Ba4 d6 5. O-O Bd7 6. c3 Nge7 7.
d4 Ng6 8. d5 Nb8 9. Bc2 Be7 10.
c4 h6 11. Nc3 Bg5 12. b4 Qf6 13. Ne1 a5 14. bxa5 Rxa5 15. Nd3 Na6 16. Nb5 O-O 17. Bb2 Bxb5 18. Bc3 Bxc4 19. Bxa5 b6 20. Bc3 Nc5 21.
Re1 Ra8 22. Nxc5 bxc5 23. Bd3 Rxa2 24. Rxa2 Bxa2 25. Qa4 c4 26. Bxc4 Bxc4 27. Qxc4 Bh4 28. g3 Bg5 29. Kg2 h5 30. Qxc7 h4 31. Qc8+ Kh7 32. Rb1 Kh6 33. Rb7 hxg3 34. hxg3 Bh4 35. Qf5 Qxf5 36. exf5 Ne7 37. gxh4 Nxd5 38. Bd2+ Kh7 39.
Rxf7 1-0

[Event "Early-Titled-Tuesday-Blitz-May-14-2024"]
[Site "Chess.com"]
[Date "2024.05.14"]
[Round "10"]
[White "Herzog2012"]
[Black "blitzking1729"]
[Result "0-1"]
[WhiteElo "2575"]
[BlackElo "2757"]
[TimeControl "180+1"]
[EndTime "9:57:34 PDT"]
[Termination "blitzking1729 won on time"]

1. e4 c6 2. d4 d6 3. a4 Nf6 4. Nc3 g6 5. g3 Bg7 6. Bg2 O-O 7. h3 e5 8. Be3 Nbd7 9. Nge2 a5 10. O-O Qe7 11. g4 Re8 12. Ng3 exd4 13. Bxd4 Nc5 14.
g5 Nfd7 15. Bxg7 Kxg7 16. f4 f6 17. h4 h6 18. h5 fxg5 19. hxg6 Nf6 20. fxg5 hxg5 21.
Nh5+ Nxh5 22. Qxh5 Rh8 23. Qf3 Be6 24. e5 dxe5 25.
Qe3 Nd7 26. Ne4 Kxg6 27. Qd3 Kg7 28. Qe3 Rh5 29. Ng3 Rh4 30. Rad1 Rf8 31. Rxf8 Kxf8 32. Ne4 Rf4 33. Qg3 g4 34. Qh2 Qg7 35. Qh4 Nf6 36.
Rd8+ Ke7 37. Nxf6 Qxf6 38. Qxf6+ Rxf6 39. Rb8 Bd5 40. Rxb7+ Kd6 41. Ra7 g3 42. Rxa5 Rf2 43. Bxd5 cxd5 44. Ra6+ Kc5 45. Ra5+ Kd4 46. c3+ Ke4 47.
b4 Rc2 48. Rc5 Kf3 0-1

[Event "Early-Titled-Tuesday-Blitz-May-14-2024"]
[Site "Chess.com"]
[Date "2024.05.14"]
[Round "10"]
[White "aljado"]
[Black "klercaku"]
[Result "0-1"]
[WhiteElo "2128"]
[BlackElo "2254"]
[TimeControl "180+1"]
[EndTime "9:57:36 PDT"]
[Termination "klercaku won on time"]

1. e4 e5 2. Nf3 Nc6 3. Bb5 a6 4. Ba4 Nf6 5. O-O b5 6. Bb3 Be7 7. Re1 d6 8. c3 O-O 9. h3 Na5 10. Bc2 c5 11. d3 Qc7 12. Nbd2 Bd7 13. Nf1 h6 14. Ng3 Rfe8 15. Nh4 Bf8 16. Nhf5 Kh7 17. d4 g6 18. dxe5 dxe5 19. Ne3 Bc6 20. Qf3 Bg7 21. Nd5 Bxd5 22. exd5 Rad8 23. Ne4 Nxd5 24. g4 Nf4 25. g5 h5 26. Bxf4 exf4 27. Nf6+ Bxf6 28. Qxh5+ Kg8 29. Bxg6 Rxe1+ 30. Rxe1 fxg6 31. Qxg6+ Qg7 32. Qxf6 Qxf6 33. gxf6 Kf7 34. Re7+ Kxf6 35. Ra7 Rd6 0-1

[Event "Early-Titled-Tuesday-Blitz-May-14-2024"]
[Site "Chess.com"]
[Date "2024.05.14"]
[Round "10"]
[White "sergoy"]
[Black "crescentmoon2411"]
[Result "1/2-1/2"]
[WhiteElo "3006"]
[BlackElo "2860"]
[TimeControl "180+1"]
[EndTime "9:57:38 PDT"]
[Termination "Game drawn by repetition"]

1. d4 d5 2. c4 e6 3. Nf3 a6 4. cxd5 exd5 5. Nc3 h6 6. Bf4 Nf6 7. Qb3 c6 8. e4 Nxe4 9. Nxe4 dxe4 10. Ne5 Qe7 11.
Bc4 Qb4+ 12. Kf1 Qxb3 13. Bxb3 Be6 14. Bxe6 fxe6 15. Re1 Nd7 16. Rxe4 Nf6 17. Re2 Rg8 18. Nf3 g5 19. Bd2 g4 20. Ne5 O-O-O 21. Bc3 Nd5 22. g3 Bd6 23. Nc4 Bc7 24. Rxe6 h5 25. Kg2 h4 26. Rhe1 Rdf8 27. Bd2 Kd7 28. Rh6 h3+ 29. Kg1 Kc8 30. Ba5 Bxa5 31. Nxa5 Re8 32. Kf1 Rxe1+ 33. Kxe1 Re8+ 34. Kd2 Rf8 35. Ke2 Re8+ 36. Kf1 Re4 37. Nb3 Nb4 38. Rh8+ Kc7 39. Rh7+ Kc8 40. Rh8+ Kc7 41.
Rh7+ Kc8 42. Rh8+ 1/2-1/2

[Event "Early-Titled-Tuesday-Blitz-May-14-2024"]
[Site "Chess.com"]
[Date "2024.05.14"]
[Round "10"]
[White "biveklama"]
[Black "lucasmito"]
[Result "1-0"]
[WhiteElo "2588"]
[BlackElo "2708"]
[TimeControl "180+1"]
[EndTime "9:57:39 PDT"]
[Termination "biveklama won on time"]

1. e4 e5 2. Nf3 Nc6 3. Bc4 Nf6 4.
d3 Bc5 5. c3 d6 6. O-O a6 7. Bb3 Ba7 8. Nbd2 h6 9. Re1 O-O 10.
h3 Be6 11. Bc2 Ne7 12. Nf1 Ng6 13. d4 c6 14. Ng3 Re8 15. a4 a5 16. Be3 Qc7 17.
Qd2 Kh7 18. Rad1 Rad8 19. Qc1 Bb8 20. b3 b5 21. axb5 cxb5 22. d5 Bc8 23. Qd2 Ba7 24.
Bd3 Bxe3 25. fxe3 Bd7 26. Ra1 Ra8 27. Rec1 Rec8 28. Kh2 Ne7 29. Nh4 g6 30. Nf3 Kg7 31.
Be2 Qb6 32. Bd3 Rc7 33. Rf1 Rac8 34. Ne2 b4 35. c4 Be8 36. Ned4 Neg8 37. Rf2 Nd7 38.
Raf1 Nc5 39. Bc2 a4 40. bxa4 b3 41. Bb1 Bxa4 42. Nh4 b2 43. Qe2 exd4 44. exd4 Nb3 45. c5 dxc5 46. e5 Nxd4 47. Qg4 Re8 48. d6 Rd7 49.
Nxg6 1-0

[Event "Early-Titled-Tuesday-Blitz-May-14-2024"]
[Site "Chess.com"]
[Date "2024.05.14"]
[Round "10"]
[White "LeoLV10"]
[Black "sergeikim"]
[Result "0-1"]
[WhiteElo "2511"]
[BlackElo "2626"]
[TimeControl "180+1"]
[EndTime "9:57:39 PDT"]
[Termination "sergeikim won by checkmate"]

1. e4 e5 2. Nf3 Nc6 3. Bb5 a6 4. Ba4 Nf6 5. O-O b5 6. Bb3 Bc5 7. c3 d6 8. a4 Bb7 9. d4 Bb6 10.
Re1 h6 11. h3 O-O 12. axb5 axb5 13. Rxa8 Qxa8 14. d5 Na5 15. Bc2 Rd8 16. Nh4 Bc8 17.
Qf3 Nh7 18. Na3 c6 19. dxc6 Qxc6 20. Nf5 Bxf5 21. Qxf5 Nc4 22. Nxc4 bxc4 23. Qf3 Nf8 24. h4 Ne6 25. h5 Ra8 26. Rd1 Bc5 27. b4 cxb3 28.
Bxb3 Rb8 29. Bd5 Qe8 30. Qg4 Kh8 31. Qe2 Qe7 32. Be3 Bxe3 33. Qxe3 Nf4 34. Qf3 Rb2 35. g3 Nh3+ 36. Kh1 Nxf2+ 37. Kg1 Nxd1 38. Qxd1 Qg5 39. Qe1 Rc2 40. Bb3 Rc1 41. Bd1 Qg4 42. Bxg4 Rxe1+ 43. Kf2 Rxe4 44. Bf3 Rc4 45. Bd5 Rxc3 46. Bxf7 Rd3 47.
g4 d5 48. Ke2 e4 49. Be6 Rg3 50. Bxd5 Rxg4 51. Ke3 Rh4 52. Bf7 Kh7 53. Kd4 Rf4 54. Bg6+ Kg8 55. Bxe4 Rh4 56. Ke3 Rxh5 57. Bg6 Rg5 58.
Be8 Kf8 59. Bc6 Ke7 60. Kf4 Kf6 61. Be4 Ra5 62. Bh1 h5 63. Kg3 g5 64. Bf3 Ra3 65. Kg2 g4 66. Be2 Kg5 67. Kf1 h4 68. Bb5 h3 69. Bc6 g3 70. Kg1 Ra1# 0-1

[Event "Early-Titled-Tuesday-Blitz-May-14-2024"]
[Site "Chess.com"]
[Date "2024.05.14"]
[Round "10"]
[White "TitarovVasiliYouTube"]
[Black "noblerone"]
[Result "1-0"]
[WhiteElo "2623"]
[BlackElo "2503"]
[TimeControl "180+1"]
[EndTime "9:57:39 PDT"]
[Termination "TitarovVasiliYouTube won on time"]

1. Nf3 d5 2. g3 Nf6 3. Bg2 c6 4. O-O Bf5 5. d3 e6 6. c4 Nbd7 7. Nc3 Bc5 8. d4 Be7 9. Qb3 Qb6 10. c5 Qxb3 11. axb3 O-O 12. b4 a6 13. Nh4 Bc2 14. f4 h6 15. Nf3 Ne4 16. Ne1 Nxc3 17. bxc3 Be4 18. Bxe4 dxe4 19. Nc2 f5 20. Ne3 Nf6 21.
Nc4 Nd5 22. Bd2 Bf6 23. e3 Kh7 24. Nd6 Rab8 25. c4 Nc7 26. Rfb1 g5 27. b5 axb5 28.
cxb5 gxf4 29. gxf4 Nd5 30. Ra7 Rg8+ 31. Kh1 cxb5 32.
Rxb5 Rg7 33. Rbxb7 Rbxb7 34. Rxb7 Rxb7 35. Nxb7 Kg7 36. c6 Ne7 37. c7 Nc8 38. Nd8 1-0